 Dungeon Crawl Stone Soup version 0.30-a0-760-g5a9884bb7c (webtiles) character file.

Game seed: 5987618016547558853

23 mopl the Sneak (level 3, -1/18 HPs)
             Began as a Vine Stalker Brigand on Feb 10, 2023.
             Slain by Jessica
             ... wielding a +6 club
              (3 damage)
             ... on level 2 of the Dungeon.
             The game lasted 00:01:06 (660 turns).

mopl the Sneak (Vine Stalker Brigand)                Turns: 660, Time: 00:01:07

Health: -1/18      AC:  3    Str: 13    XL:     3   Next: 0%
Magic:  0/4        EV: 11    Int: 11    God:
Gold:   28         SH:  0    Dex: 17    Spells: 2/2 levels left

rFire   + . .      SeeInvis .    a - +2 dagger
rCold   . . .      Faith    .    (no shield)
rNeg    . . .      Spirit   +    b - +0 robe
rPois   .          Reflect  .    (no helmet)
rElec   .          Harm     .    c - +0 cloak
rCorr   .          Rampage  .    (no gloves)
Will    .....                    (no boots)
Stlth   +++                      (no amulet)
HPRegen 0.23/turn                i - ring of protection from fire
MPRegen 0.09/turn                (no ring)

@: no status effects
A: fangs 2, magic shield, antimagic bite, no potion heal 2
a: no special abilities


You were on level 2 of the Dungeon.
You visited 1 branch of the dungeon, and saw 2 of its levels.

You collected 28 gold pieces.

Inventory:

Hand Weapons
 a - a +2 dagger (weapon)
Missiles
 d - 9 poisoned darts (quivered)
 e - 3 curare-tipped darts
Armour
 b - a +0 robe (worn)
 c - a +0 cloak (worn)
Jewellery
 i - a ring of protection from fire (left hand)
Scrolls
 g - 2 scrolls of identify {unknown}
 j - a scroll of teleportation {unknown}
 k - a scroll of blinking {unknown}
Potions
 f - a potion of might
 h - a potion of attraction {unknown}
 l - a potion of curing {unknown}


   Skills:
 - Level 1.7 Fighting
 + Level 2.2 Short Blades
 + Level 2.2 Throwing
 - Level 0.7 Dodging
 + Level 5.2 Stealth


You had 2 spell levels left.
You didn't know any spells.
Your spell library was empty.

Dungeon Overview and Level Annotations

Branches:
Dungeon (2/15)

Altars:
Okawaru

Shops:
D:1 ?[

Annotations:
D:2 Jessica


Innate Abilities, Weirdness & Mutations

You have extremely sharp teeth.
When hurt, damage is shared between your health and your magic reserves.
Your bite disrupts and absorbs the magic of your enemies.
Potions cannot restore your health.


Message History

Found an iron altar of Okawaru.
(D) Dungeon
Where to? (? - help)
What level of the Dungeon? (default 1, ? - help)
You see here a +0 spear.
There is a stone staircase leading down here.
You climb downwards.
Jessica shouts!
There is a stone staircase leading up here.
There are monsters nearby!
Jessica mumbles some strange words.
Jessica blinks!
The rat closely misses you.
You hit the rat.
You kill the rat!
You have reached level 3!
Your experience leads to an increase in your attributes!
Increase (S)trength, (I)ntelligence, or (D)exterity?
You feel agile. x2
Jessica gestures wildly while chanting.
Jessica seems to speed up.
You hit Jessica.
Jessica is moderately wounded.
Jessica hits you with a +6 club. Jessica hits you with a +6 club!
You are too injured to fight recklessly!
You are too injured to fight recklessly!
You are too injured to fight recklessly!
You barely miss Jessica. You bite Jessica.
Jessica's magic leaks into the air.
You drain her magic.
You feel invigorated.
Jessica is severely wounded.
Jessica hits you with a +6 club.
You closely miss Jessica.
Jessica is severely wounded.
Jessica hits you with a +6 club!
* * * LOW HITPOINT WARNING * * *
Jessica closely misses you.
You completely miss Jessica.
Jessica is heavily wounded.
Jessica hits you with a +6 club.
You die...

#...........#
#...........#
#...........#
#...........#
#...........#
#.^..........
#....@......#
#....@......#
#............
#...........#
###...........#
#......<#+###.#
#.##.#.## # #
#.#. #... ##.


You could see Jessica (fast, magic disrupted).

Vanquished Creatures
  A dart slug (D:1)
  A bat (D:1)
  2 giant cockroaches (D:1)
  A goblin (D:1)
  2 hobgoblins (D:1)
  3 jackals (D:1)
  3 kobolds (D:1)
  A quokka (D:1)
  2 ball pythons (D:1)
  3 rats
19 creatures vanquished.

Notes
Turn   | Place    | Note
-------+----------+-------------------------------------------
     0 | D:1      | mopl the Vine Stalker Brigand began the quest for the Orb.
     0 | D:1      | Reached XP level 1. HP: 11/11 MP: 2/2
    79 | D:1      | Found Dadyaj's Armour Shoppe.
    98 | D:1      | Reached skill level 2 in Short Blades
    98 | D:1      | Reached skill level 5 in Stealth
   123 | D:1      | Reached skill level 2 in Throwing
   123 | D:1      | Reached XP level 2. HP: 15/15 MP: 3/3
   611 | D:1      | Found an iron altar of Okawaru.
   651 | D:2      | Noticed Jessica
   656 | D:2      | Reached XP level 3. HP: 18/18 MP: 4/4
   660 | D:2      | Slain by Jessica

Illustrated notes

Levels and vault maps discovered:
D:1:      dpeg_arrival_lava_altar, layout_loops_ring, serial_shops,
          nicolae_diamond_shop, nicolae_shop_advertising_works
          [nicolae_subvault_shop_adworks]
D:2:      layout_basic, hellmonk_ecumenical_altar_watching_god, uniq_jessica

Skill      XL: |  1 |
---------------+----+-----
Short Blades   | 2 |  2.2
Stealth        | 5 |  5.2
Throwing       | 2 |  2.2
Fighting       | |  1.7
Dodging        | |  0.7

Action                     || total
---------------------------++-------
  Melee: Dagger            ||    46
         Punch             ||     3
         Bite              ||    10
   Stab: Sleeping          ||     6
 Armour: Robe              ||     9
  Dodge: Dodged            ||    33

Table legend: (Time is in decaauts)
 A = Elapsed time spent in this place.
 B = Non-inter-level travel time spent in this place.
 C = Inter-level travel time spent in this place.
 D = Time resting spent in this place.
 E = Time spent auto-exploring this place.
 F = Levels seen in this place.
 G = Mean time per level.
                   A        B        C        D        E       F      G
               +--------+--------+--------+--------+--------+-----+--------+
         Total |    654 |    615 |     39 |      0 |    490 |   2 |  327.0 |
       Dungeon |    654 |    615 |     39 |      0 |    490 |   2 |  327.0 |
               +--------+--------+--------+--------+--------+-----+--------+

Top non-repeatable levels by time:
     D:1: 646 daAuts
     D:2: 8 daAuts
